 Dungeon Sprint DCSS version 0.31-b1-19-g70c676f13a (webtiles) character file.

Game seed: 6931461226837117319

277115 Groucho the Imperceptible (level 12, 73/77 HPs)
             Began as a Felid Berserker on Jan 18, 2024.
             Was a High Priest of Trog.
             Escaped with the Orb!
             The game lasted 00:13:37 (3851 turns).

Groucho the Imperceptible (Felid Berserker)         Turns: 3851, Time: 00:13:37

Health: 73/77      AC:  3    Str: 13    XL:     12   Next: 69%
Magic:  13/13      EV: 34    Int: 11    God:    Trog [*****.]
Gold:   1388       SH:  0    Dex: 19    Spells: 11/11 levels left
                                        Lives:  1   Deaths: 2

rFire   + +          .
                       - Unarmed
rCold   + + .        (shield unavailable)
rNeg    . . .        (body armour unavailable)
rPois   +            (helmet unavailable)
rElec   +            (cloak unavailable)
rCorr   +            (gloves unavailable)
SInv    +            (boots unavailable)
Will    +....        (no amulet)
Stlth   +++          w - ring of protection from fire
HPRegen 0.32/turn    m - ring of flight
MPRegen 0.13/turn

%: no teleportation
@: resistant, flying
A: very small, claws 1, fangs 3, see invisible, shaggy fur 3, stealthy paws, no
weapons or thrown items, no armour, multi-lived, clumsy 1
0: Orb of Zot
a: Renounce Religion, Berserk, Trog's Hand, Brothers in Arms


You escaped.
You worshipped Trog.
Trog was extremely pleased with you.
You visited 1 branch You collected 2991 gold pieces.
You spent 1603 gold pieces at shops.

Inventory:

Hand Weapons
 h - the +8 Wrath of Trog {antimagic, *Rage Rampage}
   (You found it in the Dungeon)

   It causes slowness and exhaustion when equipped.
   It extends the wielder's berserk rage when killing foes.
   *Rage:     It berserks you when you make melee attacks (+50% chance).
   Rampage:   It bestows one free step when moving towards enemies.
 y - the +10 dark maul {heavy}
   (You found it in the Dungeon)
Jewellery
 b - the ring "Cuymiun" {rElec rPois Will+ Str+6}
   (You found it in the Dungeon)

   [ring of strength]

   Str+6:     It affects your strength (+6).
   rElec:     It insulates you from electricity.
   rPois:     It protects you from poison Will+: It increases your willpower.
 m - a ring of flight (right paw)
 n - a ring of protection from fire
 p - an amulet of magic regeneration
 r - a ring of magical power
 w - a ring of protection from fire (left paw)
Wands
 g - a wand of charming (7)
 s - a wand of iceblast (18)
 t - a wand of quicksilver (9)
 v - a wand of digging (2)
Scrolls
 i - a scroll of amnesia
 k - a scroll of revelation {unknown}
 l - 2 scrolls of fog {unknown}
 z - a scroll of enchant armour {unknown}
Potions
 a - 7 potions of curing
 d - 2 potions of magic
 e - a potion of berserk rage
 f - 2 potions of lignification
 j - a potion of invisibility
 o - 2 potions of degeneration
 q - a potion of brilliance
 u - 2 potions of heal wounds
 A - a potion of attraction
 B - a potion of ambrosia


   Skills:
 + Level 15.9 Fighting
 + Level 20.1 Dodging
 - Level 23.2 Stealth
 + Level 15.9 Unarmed Combat
 + Level 12.6 Evocations


You had 11 spell levels left.
You didn't know any spells.
Your spell library was empty.

Dungeon Overview and Level Annotations

Branches:
Dungeon (1/1)

Altars:
Cheibriados
Dithmenos
Elyvilon
Fedhas
Gozag
Hepliaklqana
Kikubaaqudgha
Makhleb
Nemelex Xobeh
Okawaru
Qazlal
Ru
Sif Muna
Trog
Uskayaw
Vehumet
Wu Jian
Xom
Yredelemnul
Zin
The Shining One
Jiyva
Lugonu

Shops:
D ==*?[=[[[(![?*?****[[!

Annotations:
D Tiamat


Innate Abilities, Weirdness & Mutations

You have sharp claws.
You have razor-sharp teeth.
You have supernaturally acute eyesight. (SInv)
Your thick and shaggy fur keeps you warm. (AC +3, rC+)
Your paws help you pounce on unaware monsters.
You are incapable of wielding weapons or throwing items.
You cannot wear armour.
You gain extra lives every three experience levels.
You are clumsy. (Dex -2)


Message History

Your iron troll barely misses the Tzitzimitl.
Your iron troll misses the Tzitzimitl.
Your iron troll claws the Tzitzimitl!
There is an open door, spattered with blood here.
You see here a +1 great sword of flaming.
You see here a +1 great sword of flaming.
Okay, then.
Unknown command.
Your skin crawls.
You feel strong-willed.
Your extra speed is starting to run out.
You are no longer corroded.
You see here a +1 great sword of flaming.
There is an open door here.
There is an open door, spattered with blood here.
You feel yourself slow down.
Things that are here:
a +3 long sword of holy wrath; a +0 tower shield
There is an open door here.
There is an open door here.
Things that are here:
a +0 dagger; a +0 robe
There is an open door, spattered with blood here.
Things that are here:
a +0 dagger; a +0 robe You feel the effects of Trog's Hand fading.
There is an open door here.
Unknown command.
There is an open door here.
Your skin stops crawling.
You feel less strong-willed.
There is an open door here.
Things that are here:
a +0 scythe; a +0 robe
There is an open door here.
You see here a +0 giant spiked club.
There is an open door here.
Things that are here:
a +1 vampiric dagger; a +0 chain mail
There is an open door, spattered with blood here.
There is a staircase leading out of the dungeon here.
You have escaped!

##################
#@.#..'..#.)'..#__
#..').#.)'..#..'..
#..#####'#####'#__
#..####..#...#[###
#..#__####..##§#~§
#..#_____##'#_.'§§
#⌠⌠#_.∩...'..._#~~
####_..__##_.#'##'
#_____###'#[#§.


There were no monsters in sight!

Vanquished Creatures
  3 fire giants (D)
  A hydra (D)
  2 centaur warriors (D)
  Sonja (D)
  4 demonic crawlers (D)
  A deep troll (D)
  A lindwurm (D)
  An oklob plant (D)
  7 unseen horrors (D)
  2 glass eyes (D)
  A hornet (D)
  A slime creature (D)
  Sigmund (D)
  A yak (D)
  13 hogs (D)
  2 redbacks (D)
  An ogre (D)
  7 necrophages (D)
  8 jellies (D)
  Ijyb (D)
59 creatures vanquished.

Vanquished Creatures (collateral kills)
  A golden dragon (D)
  A shadow dragon (D)
  A fire giant (D)
  A daeva (D)
  8 shining eyes (D)
  2 kobold demonologists (D)
  5 glass eyes (D)
  A ballistomycete spore (D)
20 creatures vanquished.

Vanquished Creatures (others)
  A ballistomycete spore (D)
1 creature vanquished.

Grand Total: 80 creatures vanquished

Notes
Turn   | Place    | Note
-------+----------+-------------------------------------------
     0 | D        | Groucho the Felid Berserker began the quest for the Orb.
     0 | D        | Reached XP level 1. HP: 12/12 MP: 2/2
     2 | D        | Noticed Ijyb
     6 | D        | Killed Ijyb
     7 | D        | Reached skill level 8 in Stealth
     7 | D        | Reached XP level 2. HP: 16/16 MP: 3/3
   150 | D        | Noticed an ogre
   152 | D        | Killed an ogre
   153 | D        | Reached skill level 12 in Stealth
   153 | D        | Reached XP level 3. HP: 20/20 MP: 4/4
   153 | D        | Reached XP level 4. HP: 24/24 MP: 5/5
   153 | D        | Gained a life (2 lives remaining)
   166 | D        | Noticed Sigmund
   168 | D        | Killed Sigmund
   168 | D        | Reached ** piety under Trog
   169 | D        | Reached skill level 17 in Stealth
   169 | D        | Reached XP level 5. HP: 28/28 MP: 6/6
   169 | D        | Gained mutation: You are covered in thick fur. (AC +2)
                  | [Felid growth]
   169 | D        | Reached XP level 6. HP: 32/32 MP: 7/7
   180 | D        | Found a shimmering blue altar of Sif Muna.
   181 | D        | Found an ornate altar of the Wu Jian Council.
   182 | D        | Found a radiant altar of Vehumet.
   207 | D        | Found Jyhal's Magic Scroll Emporium.
   207 | D        | Found an ancient bone altar of Kikubaaqudgha.
   207 | D        | Found a hazy altar of Hepliaklqana.
   207 | D        | Found a stormy altar of Qazlal.
   207 | D        | Found a hide-covered altar of Uskayaw.
   207 | D        | Found a blossoming altar of Fedhas.
   207 | D        | Found a bloodstained altar of Trog.
   207 | D        | Found an iron altar of Okawaru.
   207 | D        | Found a basalt altar of Yredelemnul.
   207 | D        | Found a glowing golden altar of the Shining One.
   207 | D        | Found a snail-covered altar of Cheibriados.
   207 | D        | Found a sacrificial altar of Ru.
   207 | D        | Found a glowing silver altar of Zin.
   207 | D        | Found a shadowy altar of Dithmenos.
   207 | D        | Found a white marble altar of Elyvilon.
   207 | D        | Noticed a yak
   209 | D        | Found an opulent altar of Gozag.
   211 | D        | Killed a yak
   212 | D        | Reached skill level 19 in Stealth
   228 | D        | Found a sparkling altar of Nemelex Xobeh.
   244 | D        | Found a viscous altar of Jiyva.
   244 | D        | Found a corrupted altar of Lugonu.
   244 | D        | Noticed a slime creature
   245 | D        | Found a burning altar of Makhleb.
   245 | D        | Found a shimmering altar of Xom.
   268 | D        | Killed a slime creature
   269 | D        | Reached skill level 5 in Dodging
   269 | D        | Reached skill level 20 in Stealth
   269 | D        | Reached XP level 7. HP: 21/37 MP: 8/8
   553 | D        | Noticed a centaur warrior
   557 | D        | Noticed a centaur warrior
   558 | D        | Killed a centaur warrior
   558 | D        | Reached *** piety under Trog
   559 | D        | Reached XP level 8. HP: 40/44 MP: 9/9
   567 | D        | Killed a centaur warrior
   568 | D        | Reached skill level 21 in Stealth
   718 | D        | Noticed a hornet
   721 | D        | Killed a hornet
   722 | D        | Reached skill level 10 in Dodging
   722 | D        | Reached XP level 9. HP: 51/51 MP: 10/10
   731 | D        | Noticed an oklob plant
   733 | D        | Killed an oklob plant
   734 | D        | Reached skill level 22 in Stealth
   740 | D        | Reached **** piety under Trog
   767 | D        | Noticed an unseen horror
   768 | D        | Noticed an unseen horror
   774 | D        | Killed an unseen horror
   774 | D        | Reached ***** piety under Trog
   799 | D        | Killed an unseen horror
   974 | D        | Found the +8 Wrath of Trog {antimagic, *Rage Rampage}
   978 | D        | Reached ****** piety under Trog
   983 | D        | Reached XP level 10. HP: 59/59 MP: 11/11
   986 | D        | Reached skill level 10 in Fighting
   986 | D        | Reached skill level 10 in Unarmed Combat
   988 | D        | Reached skill level 23 in Stealth
  1005 | D        | Found Zootuakk's Armour Shoppe.
  1005 | D        | Found Liumoll's Antique Armour Shop.
  1005 | D        | Found Tecsuw's Armour Boutique.
  1007 | D        | Found Hompokyq's Weapon Emporium.
  1007 | D        | Found Vakhloro's Distillery.
  1007 | D        | Found Jats's Armour Shoppe.
  1007 | D        | Found Foalisho's Magic Scroll Boutique.
  1007 | D        | Found Idilem's General Store.
  1007 | D        | Found Oqit's Magic Scroll Shop.
  1007 | D        | Found Nufyargh's Assorted Antiques.
  1011 | D        | Found Heimni's General Store.
  1012 | D        | Found Hucunk's General Store.
  1012 | D        | Found Demep's General Store.
  1013 | D        | Found Vifaa's Antique Armour Emporium.
  1031 | D        | Bought a potion of curing for 42 gold pieces
  1031 | D        | Bought a potion of heal wounds for 70 gold pieces
  1031 | D        | Bought a potion of invisibility for 112 gold pieces
  1173 | D        | Noticed a deep troll
  1175 | D        | Killed a deep troll
  1187 | D        | Found Xabroj's Armour Emporium.
  1202 | D        | Noticed Sonja
  1211 | D        | Killed Sonja
  1228 | D        | Found Doffoduo's Jewellery Boutique.
  1236 | D        | Bought a ring of flight for 245 gold pieces
  1281 | D        | Bought a ring of protection from fire for 350 gold pieces
  1833 | D        | Noticed a demonic crawler
  1833 | D        | Noticed a demonic crawler
  1833 | D        | Noticed a demonic crawler
  1833 | D        | Noticed a demonic crawler
  1835 | D        | Killed a demonic crawler
  1836 | D        | Killed a demonic crawler
  1837 | D        | Reached skill level 15 in Dodging
  1838 | D        | Killed a demonic crawler
  1839 | D        | Killed a demonic crawler
  1840 | D        | Reached skill level 5 in Evocations
  1840 | D        | Reached XP level 11. HP: 67/67 MP: 12/12
  1858 | D        | Noticed a lindwurm
  1860 | D        | Killed a lindwurm
  1930 | D        | Noticed a 12-headed hydra
  1932 | D        | Killed a 12-headed hydra
  1994 | D        | Noticed a shadow dragon
  1994 | D        | Noticed a golden dragon
  2359 | D        | HP: 1/62 [shadow dragon (13)]
  2360 | D        | Mangled by a golden dragon
  2360 | D        | Lost a life (1 life remaining)
  2370 | D        | Killed a shadow dragon
  2371 | D        | Killed a golden dragon
  2376 | D        | Identified the ring "Cuymiun" {rElec rPois Will+ Str+6}
  2438 | D        | Found Fejamas's Distillery.
  2459 | D        | Bought a potion of curing for 36 gold pieces
  2459 | D        | Bought a potion of curing for 36 gold pieces
  2459 | D        | Bought a potion of heal wounds for 60 gold pieces
  2530 | D        | Noticed a shining eye
  2530 | D        | Noticed a shining eye
  2530 | D        | Noticed a shining eye
  2532 | D        | Noticed a shining eye
  2532 | D        | Noticed a shining eye
  2532 | D        | Noticed a shining eye
  2535 | D        | Killed a shining eye
  2535 | D        | Killed a shining eye
  2537 | D        | Reached skill level 10 in Evocations
  2537 | D        | Killed a shining eye
  2537 | D        | Killed a shining eye
  2538 | D        | Gained mutation: Your thick and shaggy fur keeps you warm.
                  | (AC +3, rC+) [Felid growth]
  2538 | D        | Reached XP level 12. HP: 75/75 MP: 13/13
  2538 | D        | Gained a life (2 lives remaining)
  2540 | D        | Gained mutation: You are clumsy. (Dex -2) [a shining eye]
  2549 | D        | Found Ybim's Armour Shop.
  2549 | D        | Found Urefeg's Assorted Antiques.
  2549 | D        | Found Deesule's Jewellery Boutique.
  2550 | D        | Found Zyuh's Jewellery Shoppe.
  2572 | D        | Bought a blackened bronze wand for 68 gold pieces
  2579 | D        | Bought a ring of protection from fire for 300 gold pieces
  2628 | D        | Bought a potion of resistance for 140 gold pieces
  2686 | D        | Noticed a daeva
  2709 | D        | Killed a daeva
  2710 | D        | Reached skill level 15 in Fighting
  2710 | D        | Reached skill level 15 in Unarmed Combat
  3162 | D        | Found the +10 dark maul {heavy}
  3203 | D        | Noticed a fire giant
  3216 | D        | Noticed a fire giant
  3221 | D        | Killed a fire giant
  3227 | D        | Noticed a fire giant
  3228 | D        | Killed a fire giant
  3230 | D        | Slain by a fire giant
  3230 | D        | Lost a life (1 life remaining)
  3261 | D        | Killed a fire giant
  3552 | D        | Noticed a fire giant
  3559 | D        | Killed a fire giant
  3680 | D        | Bought a scroll of identify for 20 gold pieces
  3680 | D        | Bought a scroll of identify for 20 gold pieces
  3683 | D        | Bought a scroll of identify for 20 gold pieces
  3685 | D        | Bought a scroll of identify for 28 gold pieces
  3685 | D        | Bought a scroll of identify for 28 gold pieces
  3685 | D        | Bought a scroll of identify for 28 gold pieces
  3778 | D        | Found the +4 dragonskin cloak
  3778 | D        | Noticed Tiamat
  3780 | D        | Got the Orb of Zot
  3784 | D        | Noticed a Tzitzimitl
  3851 | D        | Escaped with the Orb!

Illustrated notes

Levels and vault maps discovered:
D:        dungeon_sprint_1 [red_sonja_temple_1, red_sonja_temple_small_1]

Skill      XL: |  1  2  3  4  5  6  7  8  9 10 11 12 |
---------------+-------------------------------------+-----
Stealth        | 8 12 17 20 21 22 23 | 23.2
Fighting       | 4 6 7 9 12 14 15 | 15.9
Dodging        | 5 8 10 12 15 18 20 | 20.1
Unarmed Combat | 4 6 7 9 12 14 15 | 15.9
Evocations     | 5 10 12 | 12.6

Action                     |  1- 3 |  4- 6 |  7- 9 | 10-12 || total
---------------------------+-------+-------+-------+-------++-------
  Melee: Unarmed           |     4 |    15 |    48 |    87 ||   154
         Bite              |     1 |       |     2 |    14 ||    17
         Punch             |       |     1 |     2 |     5 ||     8
 Invoke: Berserk           |     1 |     2 |     3 |     2 ||     8
         Trog's Hand       |       |       |     2 |     5 ||     7
         Brothers in Arms  |       |       |       |    11 ||    11
  Evoke: Wand              |       |       |       |     2 ||     2
    Use: Scroll            |       |       |     1 |     6 ||     7
         Potion            |       |       |       |     4 ||     4
   Stab: Sleeping          |     1 |     2 |    15 |    14 ||    32
 Armour: Skin              |     1 |     4 |    18 |    35 ||    58
  Dodge: Dodged            |       |     8 |    43 |    67 ||   118
